 Dungeon Crawl Stone Soup version 0.30-b1-2-g02819fbbbe (webtiles) character file.

Game seed: 1445467630641896883

48 MajorAdolf the Conjurer (level 3, -1/28 HPs)
             Began as a Naga Wanderer on Aug 30, 2023.
             Slain by Natasha (7 damage)
             ... on level 2 of the Dungeon.
             The game lasted 00:03:08 (1974 turns).

MajorAdolf the Conjurer (Naga Wanderer)             Turns: 1974, Time: 00:03:09

Health: -1/28      AC:  3    Str: 14    XL:     3   Next: 72%
Magic:  10/15      EV: 14    Int: 13    God:
Gold:   67         SH:  0    Dex: 11    Spells: 5/6 levels left

rFire   . . .        a - +0 club
rCold   . . .        (no shield)
rNeg    . . .        c - +0 leather armour
rPois   +            d - +0 helmet
rElec   .            (no cloak)
rCorr   .            (no gloves)
SInv    +            (no barding)
Will    .....        (no amulet)
Stlth   ++           h - +5 ring of evasion
HPRegen 0.24/turn    p - ring of magical power
MPRegen 0.14/turn

%: no passive effects
@: short of breath, very slightly contaminated, very slow
A: AC +1, large, see invisible, deformed body, poison resistance, slowness 2,
spit poison 1, naga tail 1
a: Spit Poison


You were on level 2 of the Dungeon.
You visited 1 branch of the dungeon, and saw 2 of its levels.

You collected 67 gold pieces.

Inventory:

Hand Weapons
 a - a +0 club (weapon)
Armour
 c - a +0 leather armour (worn)
 d - a +0 helmet (worn)
Jewellery
 h - a +5 ring of evasion (left hand)
 p - a ring of magical power (right hand)
Scrolls
 e - a scroll of amnesia {unknown}
 f - 4 scrolls of identify {unknown}
 g - a scroll of brand weapon {unknown}
 i - a scroll of enchant armour {unknown}
 j - 2 scrolls of poison {unknown}
 l - a scroll of teleportation {unknown}
 m - a scroll of enchant weapon {unknown}
 n - a scroll of immolation {unknown}
 o - a scroll of vulnerability {unknown}
Potions
 b - 3 potions of curing
 k - a potion of invisibility {unknown}


   Skills:
 - Level 1.0 Armour
 - Level 1.0 Dodging
 - Level 3.0 Stealth
 + Level 2.3 Spellcasting
 + Level 4.7 Conjurations
 - Level 1.0 Necromancy


You had 5 spell levels left.
You knew the following spells:

 Your Spells              Type           Power      Damage    Failure   Level
a - Magic Dart            Conj           52%        1d5       4%          1

Your spell library contained the following spells:

 Spells                   Type           Power      Damage    Failure   Level
 Kiss of Death            Conj/Necr      32%        2d7       10%         1
 Momentum Strike          Conj/Tloc      14%        3d8       17%         2
 Sublimation of Blood     Necr           4%         N/A       30%         2
 Cigotuvi's Dreadful Rot  Necr/Pois/Air  4%         N/A       38%         2
 Blink                    Tloc           2%         N/A       43%         2
 Lesser Beckoning         Tloc           2%         N/A       43%         2


Dungeon Overview and Level Annotations

Branches:
Dungeon (2/15)

Altars:
Wu Jian

Shops:
D:1 [

Annotations:
D:2 Natasha, Sigmund


Innate Abilities, Weirdness & Mutations

Your serpentine skin is tough. (AC +1)
You have supernaturally acute eyesight. (SInv)
Armour fits poorly on your strangely shaped body.
Your system is resistant to poisons. (rPois)
You cover ground very slowly.
You can spit poison.
You have a snake-like lower body.


Message History

The cerulean imp hits you with a +2 spear.
Unknown command.
The cerulean imp attacks as you move away!
The cerulean imp misses you.
The cerulean imp hits you from afar with a +2 spear.
Natasha looks more healthy.
Natasha stares at you and mumbles some strange words.
You resist with some effort. The cerulean imp misses you.
You can't do that yet.
Aiming: Magic Dart (safe; 4% risk of failure)
Press: ? - help, Q - select action, (/) - cycle Shift-Dir - straight line, f/p - cerulean imp
Aim: a cerulean imp, wielding a +2 spear (lightly wounded, summoned, 100% to hit)
Okay, then.
The magic dart hits Natasha.
Natasha is heavily wounded.
The cerulean imp misses you.
Casting: Magic Dart (safe; 4% risk of failure)
Confirm with . or Enter, or press ? or * to list all spells.
Aiming: Magic Dart (safe; 4% risk of failure)
Press: ? - help, Shift-Dir - straight line, f/p - Natasha
Aim: Natasha (heavily wounded, 100% to hit)
You miscast Magic Dart.
You are very lightly contaminated with residual magic.
Nothing appears to happen.
You have got your breath back.
Natasha howls an incantation.
Natasha's front paws start to glow.
Natasha claws you!
The cerulean imp hits you from afar with a +0 spear.
* * * LOW HITPOINT WARNING * * *
The cerulean imp hits you from afar with a +2 spear.
* * * LOW HITPOINT WARNING * * *
Aiming: Spit Poison (2% risk of failure)
Press: ? - help, Shift-Dir - straight line, f/p - Natasha
Aim: Natasha (heavily wounded, 50% to hit)
The splash of poison misses Natasha.
The splash of poison hits the cerulean imp but does no damage.
The cerulean imp is lightly wounded.
Natasha claws you!
You die...

########...####...
####.................
#....######..........
...(†.###.......#...#....
##+## #)...............
.. #................
#.###55...#.÷.#...#..
###...#h........)......
#.....@................
.....#.#...#...#...#...#
... ....................
. #...#................
#.#.####..#...#...#..
#.#. ###...........# # ##
............##
##...#...#..#
#.........##


You could see Natasha and 2 cerulean imps.

Vanquished Creatures
  An adder (D:2)
  A worm (D:2)
  2 dart slugs
  4 ball pythons
  2 endoplasms
  2 giant cockroaches (D:1)
  A goblin (D:1)
  A hobgoblin (D:1)
  3 jackals (D:1)
  2 quokkas (D:1)
  7 bats
  A frilled lizard (D:2)
  A kobold (D:2)
  5 rats
33 creatures vanquished.

Notes
Turn   | Place    | Note
-------+----------+-------------------------------------------
     0 | D:1      | MajorAdolf the Naga Wanderer began the quest for the Orb.
     0 | D:1      | MajorAdolf set off with the following items: a +0 club, a
                  | potion of curing, a +0 leather armour, a +0 helmet; and the
                  | following spells available to memorise: Magic Dart, Kiss of
                  | Death, Momentum Strike, Sublimation of Blood, Cigotuvi's
                  | Dreadful Rot.
     0 | D:1      | Reached XP level 1. HP: 15/15 MP: 2/2
     2 | D:1      | Learned a level 1 spell: Magic Dart
   391 | D:1      | Reached XP level 2. HP: 16/22 MP: 0/4
   795 | D:1      | Found Olley's Armour Shoppe.
  1202 | D:1      | Reached XP level 3. HP: 28/28 MP: 0/5
  1567 | D:2      | Noticed Sigmund
  1685 | D:2      | Found an ornate altar of the Wu Jian Council.
  1961 | D:2      | Noticed Natasha
  1974 | D:2      | Slain by Natasha

Illustrated notes

Levels and vault maps discovered:
D:1:      dpeg_arrival_line_fractal, layout_basic, serial_shops, shop
D:2:      minmay_spotlight, layout_basic, basic_altar, kennysheep_doodads,
          minmay_rat_gold_closets, uniq_sigmund, uniq_natasha

Skill      XL: |  1  2  3 |
---------------+----------+-----
Spellcasting   | 2 |  2.3
Armour         | |  1.0
Dodging        | |  1.0
Stealth        | |  3.0
Conjurations   | |  4.7
Necromancy     | |  1.0

Action                     || total
---------------------------++-------
  Melee: Club              ||    13
   Cast: Magic Dart        ||    69
Ability: Spit Poison       ||    15
 Armour: Leather armour    ||     9
  Dodge: Dodged            ||    30
